AoeStats
← IsaacPewton

Arabia

509449758Analyzed
1v1 RM · 7d ago on Sep 26, 2026· 34m 55s· 2 players
Game mode
Random Map
Map size
Tiny (2 player)
Population
200
Speed
Normal
Resources
Standard
Victory
Conquest
Starting age
Dark Age
Ending age
Imperial Age
RankedLock teamsTeams togetherTeam positionsShared explorationLock speedFull tech treeHidden civsTurbo modeCheats
Victory
Defeat
🇩🇪 Britons · Germany
834
+15
🇸🇪 Hindustanis · Sweden
807
-15
IsaacPewton
8:02 Loom
10:21 Feudal Age
11:36 Double-Bit Axe
14:18 Forging
18:59 Wheelbarrow
22:45 Castle Age
21:25 Horse Collar
22:36 Fletching
25:35 Man-at-Arms
26:29 Padded Archer Armor
27:30 Elite Skirmisher
34:44 Light Cavalry
R3genwurm
9:19 Feudal Age
9:04 Loom
21:27 Castle Age
22:48 Double-Bit Axe
22:26 Crossbowman
23:06 Fletching
23:17 Padded Archer Armor
23:11 Fletching
24:05 Squires
26:43 Wheelbarrow
25:54 Horse Collar
28:51 Pikeman
30:01 Forging
33:31 Bow Saw
33:32 Heavy Plow
Connection lost

Rejoining the realm…

Still unreachable

The connection could not be restored.

Session expired

The server has moved on; the page needs a fresh start.